Map: Catalyst LE

Players

JackO

  • Race: Protoss Protoss
  • Spawn Location: 11:00

DnS - Winner!

  • Race: Protoss Protoss
  • Spawn Location: 5:00

Event: WCS Leipzig 2018

VOD

Have the link to the VOD?

Description

Time

  • Played on: Jan. 26, 2018, 6:33 a.m.
  • Length: 5:05

All games in this series

Show
View Real Time Build Order
Export as new Build Order

JackO Protoss 

Build Orders: Phoenix Opening 

Get SALT Encoding   

  12  0:00  Probe  
  13  0:12  Probe  
  14  0:20  Pylon  
  14  0:25  Probe  
  15  0:38  Probe (Chrono Boost)  
  15  0:40  Gateway  
  16  0:44  Assimilator  
  16  0:49  Probe (Chrono Boost)  
  17  0:54  Probe (Chrono Boost)  
  17  0:56  Assimilator  
  18  1:04  Probe  
  19  1:13  Gateway  
  19  1:16  Probe (Chrono Boost)  
  20  1:27  Cybernetics Core  
  20  1:28  Probe (Chrono Boost)  
  21  1:33  Probe (Chrono Boost)  
  21  1:38  Pylon  
  22  1:42  Probe  
  23  1:56  Probe  
  23  2:01  Warp Gate (Chrono Boost)  
  24  2:03  Stalker, Sentry  
  28  2:17  Pylon  
  28  2:31  Stargate  
  28  2:37  Stalker  
  30  2:44  Stalker  
  32  3:04  Nexus  
  31  3:13  Shield Battery  
  31  3:16  Phoenix (Chrono Boost)  
  33  3:23  Probe  
  34  3:32  Phoenix  
  36  3:43  Probe, Pylon  
  38  3:55  Probe  
  38  4:01  Phoenix (Chrono Boost)  
  40  4:09  Probe  
  41  4:20  Phoenix (Chrono Boost)  
  41  4:22  Probe (Chrono Boost)  
  45  4:26  Probe (Chrono Boost), Pylon  
  44  4:33  Probe (Chrono Boost)  
  44  4:36  Robotics Facility  
  44  4:38  Probe  
  46  4:40  Probe  
  47  4:50  Probe  
  49  4:52  Probe  
Show
View Real Time Build Order
Export as new Build Order

DnS Protoss - Winner!

Build Orders: Dark Templar Rush 

Get SALT Encoding   

  12  0:00  Probe  
  13  0:12  Probe  
  14  0:18  Pylon  
  14  0:25  Probe (Chrono Boost)  
  15  0:37  Probe (Chrono Boost)  
  15  0:40  Gateway  
  16  0:45  Probe (Chrono Boost)  
  16  0:46  Assimilator  
  17  0:51  Probe (Chrono Boost)  
  17  0:55  Assimilator  
  18  1:03  Probe (Chrono Boost)  
  20  1:11  Probe (Chrono Boost)  
  20  1:17  Probe, Gateway  
  21  1:26  Cybernetics Core  
  21  1:29  Probe  
  22  1:38  Pylon  
  22  1:41  Probe  
  23  1:56  Probe  
  24  2:02  Warp Gate (Chrono Boost)  
  24  2:03  Stalker  
  24  2:04  Sentry  
  28  2:14  Pylon  
  28  2:20  Twilight Council  
  28  2:27  Pylon  
  28  2:33  Stalker  
  30  2:38  Stalker  
  32  2:48  Pylon  
  32  3:10  Dark Shrine  
  32  3:16  Nexus  
  32  3:19  Probe  
  33  3:29  Shield Battery  
  33  3:31  Probe  
  34  3:43  Probe  
  35  3:52  Adept x2  
  35  3:55  Probe  
  40  4:07  Probe  
  41  4:19  Probe  
  41  4:23  Dark Templar  
  44  4:34  Dark Templar  
  44  4:35  Probe (Chrono Boost)  
  44  4:37  Probe (Chrono Boost)  
  44  4:47  Probe (Chrono Boost)  
  44  4:48  Probe (Chrono Boost)  
  44  4:52  Probe (Chrono Boost)  
  44  4:53  Probe (Chrono Boost)  
  44  4:56  Dark Templar  
Tags
 
Add a new tag
Caveats
  • Supply blocks, unpowered buildings, or Contaminate may cause inaccurate times.
  • Supply counts are checked every 10 seconds.